PL
PHILADELPHIA LIBERTY @ DC EAGLES
07/20/2067
 
TOP OF THE 1ST
Philadelphia Liberty batting - Pitching for DC Eagles : LHP Jose Perez
Pitching: LHP Jose Perez
Batting: SHB Caleb Reberg 0-0: Called Strike
0-1: Foul Ball, location: 2F
0-2: Ball
1-2: Ball
2-2: Ground out 1-3 (Groundball, 13S, EV 63.8 MPH)
Batting: LHB Matt Hendershot 0-0: Swinging Strike
0-1: Foul Ball, location: 2F
0-2: Foul Ball, location: 2F
0-2: Strikes out looking
Batting: LHB Ryan Van Valkenburgh 0-0: Swinging Strike
0-1: Fly out, F8 (Flyball, 8RM, EV 86.9 MPH)
Top of the 1st over - 0 runs, 0 hits, 0 errors, 0 left on base; Philadelphia 0 - DC 0
BOTTOM OF THE 1ST
DC Eagles batting - Pitching for Philadelphia Liberty : RHP Earl Roach
Pitching: RHP Earl Roach
Batting: LHB Terry Larsen 0-0: Ball
1-0: Foul Ball, location: 2F
1-1: Ball
2-1: Swinging Strike
2-2: Ground out 6-3 (Groundball, 6, EV 102.5 MPH)
Batting: RHB Robbie Rankin 0-0: Ball
1-0: Foul Ball, location: 2F
1-1: Ball
2-1: Ground out 5-3 (Groundball, 56S, EV 66.9 MPH)
Batting: RHB Byron McClain 0-0: Called Strike
0-1: Ball
1-1: Ball
2-1: Foul Ball, location: 2F
2-2: Foul Ball, location: 2F
2-2: Ball
3-2: SINGLE (Groundball, 56D, EV 104.4 MPH)
Batting: RHB Sean Lingle 0-0: Called Strike
0-1: Swinging Strike
0-2: Ball
1-2: Strikes out swinging
Bottom of the 1st over - 0 runs, 1 hit, 0 errors, 1 left on base; Philadelphia 0 - DC 0
TOP OF THE 2ND
Philadelphia Liberty batting - Pitching for DC Eagles : LHP Jose Perez
Batting: LHB Juan Gonzalez 0-0: Swinging Strike
0-1: Ball
1-1: Swinging Strike
1-2: Strikes out swinging
Batting: LHB Xiao-yan Zhou 0-0: Called Strike
0-1: Hit by Pitch
Batting: RHB Doug Hinson 0-0: Ball
1-0: Foul Ball, location: 2F
1-1: Fly out, F8 (Flyball, 8RM, EV 78.8 MPH)
Batting: SHB Art Woolridge 0-0: Ball
1-0: Swinging Strike
1-1: Called Strike
1-2: Fly out, F4 (Line Drive, 4M, EV 70.6 MPH)
Top of the 2nd over - 0 runs, 0 hits, 0 errors, 1 left on base; Philadelphia 0 - DC 0
BOTTOM OF THE 2ND
DC Eagles batting - Pitching for Philadelphia Liberty : RHP Earl Roach
Batting: RHB Pete Abels 0-0: Ball
1-0: Fly out, F7 (Line Drive, 7, EV 94.4 MPH)
Batting: SHB Steve Loftin 0-0: Ball
1-0: Fly out, F3 (Popup, 34, EV 59.4 MPH)
Batting: RHB Chris Chatwin 0-0: Ball
1-0: Called Strike
1-1: Called Strike
1-2: Ground out 5-3 (Groundball, 56, EV 89.4 MPH)
Bottom of the 2nd over - 0 runs, 0 hits, 0 errors, 0 left on base; Philadelphia 0 - DC 0
TOP OF THE 3RD
Philadelphia Liberty batting - Pitching for DC Eagles : LHP Jose Perez
Batting: LHB Tyler Parisi 0-0: Called Strike
0-1: Foul Ball, location: 2F
0-2: Ball
1-2: Ball
2-2: Fly out, F8 (Flyball, 8LD, EV 103.1 MPH)
Batting: SHB Ethan Johnson 0-0: Ball
1-0: Ball
2-0: Called Strike
2-1: Fly out, F7 (Flyball, 7, EV 92.5 MPH)
Batting: SHB Caleb Reberg 0-0: Ball
1-0: Ball
2-0: Ball
3-0: Base on Balls
Batting: LHB Matt Hendershot 0-0: Foul Ball, location: 2F
0-1: Ball
1-1: Called Strike
1-2: Foul Ball, location: 2F
1-2: Ball
Caleb Reberg steals 2nd base
2-2: Fly out, F9 (Flyball, 89S, EV 97.5 MPH)
Top of the 3rd over - 0 runs, 0 hits, 0 errors, 1 left on base; Philadelphia 0 - DC 0
BOTTOM OF THE 3RD
DC Eagles batting - Pitching for Philadelphia Liberty : RHP Earl Roach
Batting: LHB Danny Rodriguez 0-0: Ball
1-0: Ball
2-0: Foul Ball, location: 2F
2-1: Foul Ball, location: 2F
2-2: Strikes out swinging
Batting: RHB Jimmy Walsh 0-0: Ball
1-0: Ball
2-0: Ball
3-0: Called Strike
3-1: Swinging Strike
3-2: Strikes out swinging
Batting: LHB Terry Larsen 0-0: Called Strike
0-1: Ball
1-1: Ball
2-1: Called Strike
2-2: Strikes out swinging
Bottom of the 3rd over - 0 runs, 0 hits, 0 errors, 0 left on base; Philadelphia 0 - DC 0
TOP OF THE 4TH
Philadelphia Liberty batting - Pitching for DC Eagles : LHP Jose Perez
Batting: LHB Ryan Van Valkenburgh 0-0: Fly out, F9 (Flyball, 9S, EV 93.8 MPH)
Batting: LHB Juan Gonzalez 0-0: Called Strike
0-1: Swinging Strike
0-2: Ball
1-2: Foul Ball, location: 2F
1-2: Foul Ball, location: 2F
1-2: Ball
2-2: Strikes out swinging
Batting: LHB Xiao-yan Zhou 0-0: Called Strike
0-1: Ball
1-1: Ball
2-1: Fly out, F8 (Flyball, 89S, EV 96.9 MPH)
Top of the 4th over - 0 runs, 0 hits, 0 errors, 0 left on base; Philadelphia 0 - DC 0
BOTTOM OF THE 4TH
DC Eagles batting - Pitching for Philadelphia Liberty : RHP Earl Roach
Batting: RHB Robbie Rankin 0-0: Fly out, F8 (Flyball, 89M, EV 93.8 MPH)
Batting: RHB Byron McClain 0-0: Called Strike
0-1: Ball
1-1: Swinging Strike
1-2: Strikes out swinging
Batting: RHB Sean Lingle 0-0: Called Strike
0-1: Ball
1-1: SINGLE (Groundball, 6MD, EV 105.0 MPH)
Batting: RHB Pete Abels 0-0: Called Strike
0-1: Ball
1-1: Foul Ball, location: 2F
1-2: Strikes out swinging
Bottom of the 4th over - 0 runs, 1 hit, 0 errors, 1 left on base; Philadelphia 0 - DC 0
TOP OF THE 5TH
Philadelphia Liberty batting - Pitching for DC Eagles : LHP Jose Perez
Batting: RHB Doug Hinson 0-0: Ball
1-0: Foul Ball, location: 2F
1-1: Fly out, F7 (Line Drive, 7LM, EV 95.0 MPH)
Batting: SHB Art Woolridge 0-0: DOUBLE (Line Drive, 89D, EV 105.0 MPH)
Batting: LHB Tyler Parisi 0-0: Called Strike
Art Woolridge steals 3rd base
0-1: Foul Ball, location: 2F
0-2: Ball
1-2: SINGLE (Groundball, 34D, EV 101.3 MPH)
Art Woolridge scores
Batting: SHB Ethan Johnson 0-0: Foul Ball, location: 2F
0-1: Ball
1-1: Reached on error, E6 (Groundball, 6, EV 93.1 MPH)
Tyler Parisi to second
Batting: SHB Caleb Reberg 0-0: Swinging Strike
0-1: Ball
1-1: Ball
2-1: Swinging Strike
2-2: Foul Ball, location: 2F
2-2: Ball
3-2: Fly out, F4 (Popup, 4, EV 65.0 MPH)
Batting: LHB Matt Hendershot 0-0: SINGLE (Line Drive, 6D, EV 104.4 MPH)
Tyler Parisi to third
Ethan Johnson to second
Runner from 3rd tries for Home, throw by CF and OUT! 8-2
Top of the 5th over - 1 run, 3 hits, 1 error, 2 left on base; Philadelphia 1 - DC 0
BOTTOM OF THE 5TH
DC Eagles batting - Pitching for Philadelphia Liberty : RHP Earl Roach
Batting: SHB Steve Loftin 0-0: Ball
1-0: Ball
2-0: Foul Ball, location: 2F
2-1: Swinging Strike
2-2: Strikes out swinging
Batting: RHB Chris Chatwin 0-0: Called Strike
0-1: Called Strike
0-2: Fly out, F8 (Flyball, 8LM, EV 86.9 MPH)
Batting: LHB Danny Rodriguez 0-0: Foul Ball, location: 2F
0-1: Ball
1-1: Called Strike
1-2: Ball
2-2: Fly out, F9 (Flyball, 89D, EV 106.3 MPH)
Bottom of the 5th over - 0 runs, 0 hits, 0 errors, 0 left on base; Philadelphia 1 - DC 0
TOP OF THE 6TH
Philadelphia Liberty batting - Pitching for DC Eagles : LHP Jose Perez
Batting: LHB Ryan Van Valkenburgh 0-0: Called Strike
0-1: Foul Ball, location: 2F
0-2: DOUBLE (Line Drive, 7LM, EV 101.9 MPH)
Batting: LHB Juan Gonzalez 0-0: Called Strike
0-1: Ball
1-1: Foul Ball, location: 2F
1-2: Foul Ball, location: 2F
1-2: Ball
2-2: Foul Ball, location: 2F
2-2: Ball
3-2: Fly out, F7 (Flyball, 78M, EV 85.0 MPH)
Batting: LHB Xiao-yan Zhou 0-0: Ground out U3 (Groundball, 3L, EV 103.1 MPH)
Ryan Van Valkenburgh to third
Batting: RHB Doug Hinson 0-0: Called Strike
0-1: Ball
1-1: Swinging Strike
1-2: Fly out, F8 (Flyball, 8LD, EV 103.1 MPH)
Top of the 6th over - 0 runs, 1 hit, 0 errors, 1 left on base; Philadelphia 1 - DC 0
BOTTOM OF THE 6TH
DC Eagles batting - Pitching for Philadelphia Liberty : RHP Earl Roach
Batting: RHB Jimmy Walsh 0-0: SINGLE (Flyball, 9S, EV 92.5 MPH)
Batting: LHB Terry Larsen 0-0: Called Strike
Jimmy Walsh steals 2nd base
0-1: Ball
1-1: Foul Ball, location: 2F
1-2: Strikes out looking
Batting: RHB Robbie Rankin 0-0: Ball
1-0: Called Strike
1-1: Foul Ball, location: 2F
1-2: Ground out 4-3 (Groundball, 4M, EV 86.9 MPH)
Jimmy Walsh to third
Batting: RHB Byron McClain 0-0: Ball
Wild Pitch!
Jimmy Walsh scores
1-0: Foul Ball, location: 2F
1-1: Ball
2-1: Called Strike
2-2: Strikes out swinging
Bottom of the 6th over - 1 run, 1 hit, 0 errors, 0 left on base; Philadelphia 1 - DC 1
TOP OF THE 7TH
Philadelphia Liberty batting - Pitching for DC Eagles : LHP Jose Perez
Batting: SHB Art Woolridge 0-0: Called Strike
0-1: Ground out 4-3 (Groundball, 4, EV 103.8 MPH)
Batting: LHB Tyler Parisi 0-0: Called Strike
0-1: Ball
1-1: Foul Ball, location: 2F
1-2: Strikes out swinging
Batting: SHB Ethan Johnson 0-0: Ball
1-0: Ball
2-0: Ball
3-0: Base on Balls
Pitching: RHP Kyle Buchanan
Batting: SHB Caleb Reberg 0-0: Ball
1-0: 2-RUN HOME RUN (Flyball, 9D, EV 97.5 MPH), Distance : 378 ft
Batting: LHB Matt Hendershot 0-0: Ball
1-0: Called Strike
1-1: Ground out 6-3 (Groundball, 6D, EV 106.3 MPH)
Top of the 7th over - 2 runs, 1 hit, 0 errors, 0 left on base; Philadelphia 3 - DC 1
BOTTOM OF THE 7TH
DC Eagles batting - Pitching for Philadelphia Liberty : RHP Earl Roach
Batting: RHB Sean Lingle 0-0: Swinging Strike
0-1: Foul Ball, location: 2F
0-2: Ball
1-2: Ball
2-2: Strikes out swinging
Batting: RHB Pete Abels 0-0: SINGLE (Flyball, 56D, EV 91.9 MPH)
Pitching: LHP Ryan Sweetapple
Batting: SHB Steve Loftin 0-0: Called Strike
0-1: Called Strike
0-2: Strikes out looking
Batting: RHB Chris Chatwin 0-0: Foul Ball, location: 2F
0-1: Ball
1-1: Foul Ball, location: 2F
1-2: Foul Ball, location: 2F
1-2: Ball
2-2: Foul Ball, location: 2F
2-2: Ball
3-2: Base on Balls
Pete Abels to second
Batting: LHB Danny Rodriguez 0-0: Ball
1-0: Ball
2-0: Ball
3-0: Base on Balls
Pete Abels to third
Chris Chatwin to second
Batting: RHB Jimmy Walsh 0-0: Ball
1-0: Swinging Strike
1-1: Ball
2-1: Ball
3-1: Base on Balls
Pete Abels scores
Chris Chatwin to third
Danny Rodriguez to second
Pinch Hitting: RHB Al Hennekes 0-0: Ball
1-0: Ball
2-0: Ground out 6-3 (Groundball, P, EV 88.1 MPH)
Bottom of the 7th over - 1 run, 1 hit, 0 errors, 3 left on base; Philadelphia 3 - DC 2
TOP OF THE 8TH
Philadelphia Liberty batting - Pitching for DC Eagles : RHP Kyle Buchanan
Pitching: RHP John Hurley
Now in LF: Jean-Paul Thiery
Now in RF: Pete Abels
Batting: LHB Ryan Van Valkenburgh 0-0: Foul Ball, location: 2F
0-1: Fly out, F9 (Flyball, 9, EV 90.6 MPH)
Batting: LHB Juan Gonzalez 0-0: Ball
1-0: Ball
2-0: Called Strike
2-1: Swinging Strike
2-2: Ball
3-2: Foul Ball, location: 2F
3-2: Strikes out looking
Batting: LHB Xiao-yan Zhou 0-0: Foul Ball, location: 2F
0-1: Ball
1-1: Ball
2-1: Foul Ball, location: 2F
2-2: Strikes out swinging
Top of the 8th over - 0 runs, 0 hits, 0 errors, 0 left on base; Philadelphia 3 - DC 2
BOTTOM OF THE 8TH
DC Eagles batting - Pitching for Philadelphia Liberty : LHP Ryan Sweetapple
Batting: RHB Robbie Rankin 0-0: Called Strike
0-1: Ground out 6-3 (Groundball, 6, EV 83.1 MPH)
Batting: RHB Byron McClain 0-0: Ball
1-0: DOUBLE (Line Drive, 9LS, EV 108.8 MPH)
Batting: RHB Sean Lingle 0-0: Ball
1-0: Swinging Strike
1-1: Foul Ball, location: 2F
1-2: Strikes out looking
Batting: RHB Pete Abels 0-0: Ball
1-0: Ball
2-0: Ball
3-0: Base on Balls
Batting: SHB Steve Loftin 0-0: Called Strike
0-1: Foul Ball, location: 2F
0-2: Ground out U3 (Groundball, 34S, EV 95.6 MPH)
Bottom of the 8th over - 0 runs, 1 hit, 0 errors, 2 left on base; Philadelphia 3 - DC 2
TOP OF THE 9TH
Philadelphia Liberty batting - Pitching for DC Eagles : RHP John Hurley
Batting: RHB Doug Hinson 0-0: Ball
1-0: Called Strike
1-1: Foul Ball, location: 2F
1-2: Strikes out swinging
Batting: SHB Art Woolridge 0-0: Ball
1-0: Called Strike
1-1: Ball
2-1: Swinging Strike
2-2: Ball
3-2: Base on Balls
Batting: LHB Tyler Parisi 0-0: Ball
1-0: Called Strike
1-1: DOUBLE (Line Drive, 7LS, EV 105.6 MPH)
Art Woolridge to third
Batting: SHB Ethan Johnson 0-0: Ball
1-0: Ball
2-0: Ball
3-0: Called Strike
3-1: Fly out, F9 (Flyball, 9D, EV 110.6 MPH)
Runner from 3rd tags up, SCORES, throw by RF
Tyler Parisi to third
Batting: SHB Caleb Reberg 0-0: Ball
1-0: Called Strike
1-1: Called Strike
1-2: Foul Ball, location: 2F
1-2: Strikes out swinging
Top of the 9th over - 1 run, 1 hit, 0 errors, 1 left on base; Philadelphia 4 - DC 2
BOTTOM OF THE 9TH
DC Eagles batting - Pitching for Philadelphia Liberty : LHP Ryan Sweetapple
Batting: RHB Chris Chatwin 0-0: SINGLE (Groundball, 6D, EV 98.1 MPH)
Pinch Hitting: RHB Jose Garcia 0-0: Ball
1-0: Fielders Choice at 2nd, 1-6 (Groundball, 34S, EV 66.3 MPH)
Batting: RHB Jimmy Walsh 0-0: Ball
1-0: Foul Ball, location: 2F
1-1: Swinging Strike
1-2: Ball
2-2: Strikes out swinging
Batting: RHB Jean-Paul Thiery 0-0: Foul Ball, location: 2F
0-1: SINGLE (Groundball, 56S, EV 64.4 MPH) (infield hit)
Jose Garcia to second
Pitching: RHP Jason O'Hara
Batting: RHB Robbie Rankin 0-0: Ball
1-0: Called Strike
1-1: Foul Ball, location: 2F
1-2: Ball
2-2: Foul Ball, location: 2F
2-2: Ball
3-2: Fly out, F8 (Flyball, 78M, EV 90.6 MPH)
Bottom of the 9th over - 0 runs, 2 hits, 0 errors, 2 left on base; Philadelphia 4 - DC 2
Friday, September 2nd , 2022 - OOTP Baseball 23.5 Build 73